 Dungeon Crawl Stone Soup version 0.20-a0-760-g49f5558 (webtiles) character file.

489 polly the Cudgeler (level 7, -4/43 HPs)
             Began as a Gargoyle Fighter on Feb 25, 2017.
             Killed from afar by Dowan (14 damage)
             ... with a shard of ice
             ... on level 4 of the Dungeon.
             The game lasted 00:03:31 (2760 turns).

polly the Cudgeler (Gargoyle Fighter)               Turns: 2760, Time: 00:03:31

Health: -4/43      AC: 11    Str: 20    XL:     7   Next: 14%
Magic:  7/7        EV:  8    Int:  9    God:
Gold:   136        SH:  9    Dex: 10    Spells: 6/6 levels left

rFire    . . .     SeeInvis .   a - +0 flail
rCold    . . .     Gourm    .   b - +0 scale mail
rNeg     + . .     Faith    .   c - +0 shield
rPois    ∞         Spirit   .   (no helmet)
rElec    +         Reflect  .   (no cloak)
rCorr    .         Harm     .   (no gloves)
MR       .....                  (no boots)
Stlth    ..........             l - amulet of regeneration
Regen    0.6/turn               (no ring)
MPRegen  0.1/turn               (no ring)

@: no status effects
A: negative energy resistance 1, electricity resistance, unbreathing,
petrification resistance, rot immunity, AC +4
a: no special abilities


You were on level 4 of the Dungeon.
You were not hungry.

You visited 1 branch of the dungeon, and saw 4 of its levels.

You collected 136 gold pieces.

Inventory:

Hand Weapons
 a - a +0 flail (weapon)
Armour
 b - a +0 scale mail (worn)
 c - a +0 shield (worn)
Jewellery
 l - an amulet of regeneration (around neck)
Wands
 i - a wand of disintegration (13/24)
 o - a wand of flame (33/48)
Scrolls
 e - 5 scrolls of teleportation {unknown}
 g - 2 scrolls of identify {unknown}
 h - 4 scrolls of remove curse {unknown}
 m - a scroll of immolation {unknown}
Potions
 d - 3 potions of might
 j - a potion of ambrosia {unknown}
 k - 2 potions of haste {unknown}
 n - 3 potions of curing {unknown}
Comestibles
 f - 5 bread rations
 p - a royal jelly


   Skills:
 + Level 4.2 Fighting
 + Level 5.2 Maces & Flails
 + Level 4.3 Armour
 + Level 1.6 Dodging
 + Level 4.7 Shields


You had 6 spell levels left.
You didn't know any spells.

Dungeon Overview and Level Annotations

Branches:
Dungeon (4/15)
 Temple: D:4-7

Altars:
Dithmenos
Fedhas
Ru

Shops:
D:4 :

Annotations:
D:4 Dowan


Innate Abilities, Weirdness & Mutations

You are resistant to torment.
Your stone body is resilient. (AC +4)
You are immune to poison.
You resist negative energy. (rN+)
You are resistant to electric shocks. (rElec)
You can survive without breathing.
You are immune to petrification.
You are immune to rotting.


Message History

You are too injured to fight recklessly!
You are too injured to fight recklessly!
Dowan hits you but does no damage.
You hit Dowan.
Dowan is severely wounded.
Dowan casts a spell at you. The shard of ice hits you!
* * * LOW HITPOINT WARNING * * *
The bullfrog skeleton hits you but does no damage.
You block Dowan's attack.
You block the bullfrog skeleton's attack.
You hit the bullfrog skeleton.
You destroy the bullfrog skeleton!
You block Dowan's attack. Dowan barely misses you.
Dowan says, "Her death will not be in vain!"
You hit Dowan.
Dowan is severely wounded.
Dowan casts a spell at you. The shard of ice hits you!
You die...

#######..#....#
#.###.##.........
#.......###...#
#.....###.....###
#.#####..#....# #######
##...## # #.# ##......#
##.##### #.# ##.....##
#.# #.. #.# #.....#.##
#.# #.#
#.######.##.....# .# #..
#.#..........#..########
#.#
..#.#####.##..#e@)......
#.# ### ##...###########
#.# ###.# ###.# #..
....# #.# ###
############.# #..
#......#.# #.#
#####.####.#.#
#########.# .......#
#.#.##### #.........#
#####..# #....)[.##
#.#########


You could see Dowan.

Vanquished Creatures
  Duvessa (D:4)
  An ice beast (D:4)
  An orc priest (D:3)
  A bullfrog skeleton (D:4)
  3 orc wizards (D:3)
  A worker ant (D:4)
  An adder (D:3)
  2 oozes (D:2)
  3 worms
  3 leopard geckos
  19 orcs
  11 bats
  6 giant cockroaches
  8 hobgoblins
  3 quokkas
  2 ball pythons (D:3)
  5 frilled lizards
  4 goblins
  3 kobolds (D:2)
  22 rats
100 creatures vanquished.

Notes
Turn   | Place    | Note
-------+----------+-------------------------------------------
     0 | D:1      | polly the Gargoyle Fighter began the quest for the Orb.
     0 | D:1      | Reached XP level 1. HP: 14/14 MP: 1/1
   170 | D:1      | Reached XP level 2. HP: 19/19 MP: 2/2
   611 | D:2      | Found a sacrificial altar of Ru.
   908 | D:2      | Reached XP level 3. HP: 23/23 MP: 3/3
  1421 | D:2      | Reached skill level 3 in Maces & Flails
  1428 | D:2      | Reached XP level 4. HP: 28/28 MP: 4/4
  1834 | D:3      | Reached XP level 5. HP: 33/33 MP: 5/5
  1861 | D:3      | Reached skill level 1 in Dodging
  1868 | D:3      | Found a blossoming altar of Fedhas.
  1950 | D:3      | Reached skill level 4 in Maces & Flails
  2000 | D:3      | Found a shadowy altar of Dithmenos.
  2297 | D:4      | Noticed an ice beast
  2314 | D:4      | Killed an ice beast
  2314 | D:4      | Reached XP level 6. HP: 23/38 MP: 6/6
  2374 | D:4      | Found Eqaa's Book Emporium.
  2725 | D:4      | Noticed Dowan
  2726 | D:4      | Noticed Duvessa
  2749 | D:4      | Killed Duvessa
  2749 | D:4      | Reached skill level 5 in Maces & Flails
  2749 | D:4      | Reached XP level 7. HP: 42/43 MP: 7/7
  2760 | D:4      | Killed from afar by Dowan

Vault maps used:
D:1:      minmay_arrival_four_loops, minmay_distorted
D:2:      lemuel_doored_altar, minmay_rat_hole
D:3:      lemuel_upstairs_altar, grunt_dithmenos_smoke_and_mirrors,
          lemuel_crystal_altar, serial_glass, glass_columns_b, glass_columns_a,
          glass_columns_c, glass_columns_c, glass_columns_a, glass_columns_b,
          glass_columns_a, glass_columns_a, glass_columns_a, glass_columns_b,
          glass_columns_c, glass_columns_b, glass_columns_b, glass_columns_a,
          roderic_curled_sauvastika, minmay_misc_feat_tiny, hex_medium,
          minmay_crystal_water
D:4:      serial_shops, shop, uniq_duvessa

Skill      XL: |  1  2  3  4  5  6 |
---------------+-------------------+-----
Maces & Flails | 3 4 5 |  5.2
Armour         | 4 |  4.3
Shields        | 4 |  4.7
Dodging        | 1 |  1.6
Fighting       | 4 |  4.2

Action                   |  1- 3 |  4- 6 |  7- 9 || total
-------------------------+-------+-------+-------++-------
Melee: Flail             |   161 |   213 |     9 ||   383
  Eat: Chunk             |       |     7 |       ||     7
Armor: Scale mail        |   128 |   103 |     5 ||   236
Dodge: Dodged            |    78 |    39 |     5 ||   122
Block: Shield            |   116 |    81 |     5 ||   202
